TOP OF THE 1ST |
Lancaster JetHawks batting - Pitching for Richmond Flying Squirrels : LHP Diego Tellez
|
Pitching: LHP Diego Tellez
|
|
Batting: LHB Danny Wolver
|
0-0: Foul Ball, location: 2F 0-1: Called Strike 0-2: Ball 1-2: Ball 2-2: Foul Ball, location: 2F 2-2: Ball 3-2: SINGLE (Flyball, 6MD, EV 83.1 MPH)
|
Batting: LHB Josh Corkery
|
0-0: Ball 1-0: Ball 2-0: Ball Passed Ball! Danny Wolver to second 3-0: Called Strike 3-1: SINGLE (Flyball, 8RS, EV 89.4 MPH) Danny Wolver to third Runner from 3rd tries for Home, SAFE, throw by CF to home
|
Batting: RHB Bruce Bermudez
|
0-0: Ball Josh Corkery steals 2nd base 1-0: Ball 2-0: Fly out, F8 (Flyball, 89S, EV 87.5 MPH)
|
Batting: LHB Mark Dearth
|
0-0: Ball Josh Corkery steals 3rd base 1-0: Swinging Strike 1-1: Ball 2-1: SINGLE (Groundball, 56D, EV 97.5 MPH) Josh Corkery scores
|
Batting: RHB Alex Campos
|
0-0: Fielders Choice at 2nd, 4-6 (Groundball, 34, EV 98.8 MPH)
|
Batting: RHB Evan Fry
|
0-0: Called Strike 0-1: Fielders Choice at 2nd, 6-4 (Groundball, 6, EV 93.1 MPH)
|
Top of the 1st over - 2 runs, 3 hits, 0 errors, 1 left on base; Lancaster 2 - Richmond 0 |
BOTTOM OF THE 1ST |
Richmond Flying Squirrels batting - Pitching for Lancaster JetHawks : LHP Manny Muniz
|
Pitching: LHP Manny Muniz
|
|
Batting: RHB Armando Ramirez
|
0-0: Ball 1-0: Called Strike 1-1: Fly out, F3 (Popup, 3F, EV 79.4 MPH)
|
Batting: RHB Vinny Torres
|
0-0: Ball 1-0: Called Strike 1-1: Swinging Strike 1-2: Ground out 4-3 (Groundball, 4, EV 85.0 MPH)
|
Batting: RHB Tony Harper
|
0-0: Foul Ball, location: 2F 0-1: Ball 1-1: SINGLE (Line Drive, 89S, EV 96.2 MPH)
|
Batting: RHB Jaime Rios
|
0-0: Ball 1-0: Ground out 4-3 (Groundball, 34, EV 81.2 MPH)
|
Bottom of the 1st over - 0 runs, 1 hit, 0 errors, 1 left on base; Lancaster 2 - Richmond 0 |
TOP OF THE 2ND |
Lancaster JetHawks batting - Pitching for Richmond Flying Squirrels : LHP Diego Tellez
|
Batting: LHB Daigo Ishii
|
0-0: Foul Ball, location: 2F 0-1: Foul Ball, location: 2F 0-2: Ball 1-2: Ball 2-2: Foul Ball, location: 2F 2-2: SINGLE (Flyball, 8RS, EV 98.1 MPH)
|
Batting: LHB Vecdi Hodensack
|
0-0: Called Strike 0-1: Ball 1-1: Ball 2-1: Ball 3-1: Foul Ball, location: 2F 3-2: Base on Balls Daigo Ishii to second
|
Batting: LHB Bob Govella
|
0-0: DOUBLE (Line Drive, 9LM, EV 106.2 MPH) Daigo Ishii scores Vecdi Hodensack to third Runner from 3rd tries for Home, SAFE, no throw by RF
|
Batting: LHB Danny Wolver
|
0-0: Foul Ball, location: 2F 0-1: Ball Passed Ball! Bob Govella to third 1-1: Called Strike 1-2: Fly out, F8 (Line Drive, 8LD, EV 105.0 MPH) Runner from 3rd tags up, SCORES, throw by CF
|
Batting: LHB Josh Corkery
|
0-0: Swinging Strike 0-1: Ball 1-1: Ground out 4-3 (Groundball, 4, EV 81.2 MPH)
|
Batting: RHB Bruce Bermudez
|
0-0: Ground out 4-3 (Groundball, 4S, EV 63.1 MPH)
|
Top of the 2nd over - 3 runs, 2 hits, 0 errors, 0 left on base; Lancaster 5 - Richmond 0 |
BOTTOM OF THE 2ND |
Richmond Flying Squirrels batting - Pitching for Lancaster JetHawks : LHP Manny Muniz
|
Batting: LHB Oscar Tamayo
|
0-0: Ball 1-0: Fly out, F9 (Flyball, 89M, EV 93.1 MPH)
|
Batting: RHB Tsugio Yamaguchi
|
0-0: SINGLE (Line Drive, 9S, EV 100.6 MPH)
|
Batting: RHB Harry Dickson
|
0-0: Ball 1-0: Called Strike 1-1: Ball 2-1: DOUBLE (Line Drive, 78D, EV 104.4 MPH) Tsugio Yamaguchi to third
|
Batting: LHB Adrian Navarro
|
0-0: Hit by Pitch
|
Batting: RHB Noe Oliva
|
0-0: Ball 1-0: Ball 2-0: Called Strike 2-1: Called Strike 2-2: Foul Ball, location: 2F 2-2: Fielders Choice at 2nd, 5-4 (Groundball, 5, EV 85.0 MPH) Tsugio Yamaguchi scores Harry Dickson to third
|
Batting: RHB Armando Ramirez
|
0-0: Ball 1-0: Ball 2-0: Fly out, F7 (Line Drive, 7D, EV 93.8 MPH)
|
Bottom of the 2nd over - 1 run, 2 hits, 0 errors, 2 left on base; Lancaster 5 - Richmond 1 |
TOP OF THE 3RD |
Lancaster JetHawks batting - Pitching for Richmond Flying Squirrels : LHP Diego Tellez
|
Batting: LHB Mark Dearth
|
0-0: Called Strike 0-1: Swinging Strike 0-2: Ground out 1-3 (Groundball, P, EV 66.2 MPH)
|
Batting: RHB Alex Campos
|
0-0: Called Strike 0-1: Fly out, F8 (Flyball, 8RXD, EV 107.5 MPH)
|
Batting: RHB Evan Fry
|
0-0: Called Strike 0-1: Fly out, F7 (Flyball, 78D, EV 91.9 MPH)
|
Top of the 3rd over - 0 runs, 0 hits, 0 errors, 0 left on base; Lancaster 5 - Richmond 1 |
BOTTOM OF THE 3RD |
Richmond Flying Squirrels batting - Pitching for Lancaster JetHawks : LHP Manny Muniz
|
Batting: RHB Vinny Torres
|
0-0: Foul Ball, location: 2F 0-1: Ground out 4-3 (Groundball, 4, EV 98.8 MPH)
|
Batting: RHB Tony Harper
|
0-0: Ball 1-0: SINGLE (Flyball, 3D, EV 91.9 MPH)
|
Batting: RHB Jaime Rios
|
0-0: 2-RUN HOME RUN (Flyball, 78XD, EV 108.8 MPH), Distance : 413 ft
|
Batting: LHB Oscar Tamayo
|
0-0: Ball 1-0: Ball 2-0: Ball 3-0: Base on Balls
|
Batting: RHB Tsugio Yamaguchi
|
0-0: Ball 1-0: Fly out, F7 (Flyball, 7, EV 81.9 MPH)
|
Batting: RHB Harry Dickson
|
0-0: Fielders Choice at 2nd, 6-4 (Groundball, 6, EV 85.0 MPH)
|
Bottom of the 3rd over - 2 runs, 2 hits, 0 errors, 1 left on base; Lancaster 5 - Richmond 3 |
TOP OF THE 4TH |
Lancaster JetHawks batting - Pitching for Richmond Flying Squirrels : LHP Diego Tellez
|
Batting: LHB Daigo Ishii
|
0-0: Called Strike 0-1: Swinging Strike 0-2: Ball 1-2: Foul Ball, location: 2F 1-2: Ball 2-2: Ground out 6-3 (Groundball, 56, EV 107.5 MPH)
|
Batting: LHB Vecdi Hodensack
|
0-0: Fly out, F7 (Flyball, 7LS, EV 94.4 MPH)
|
Batting: LHB Bob Govella
|
0-0: Ball 1-0: SOLO HOME RUN (Flyball, 89XD, EV 97.5 MPH), Distance : 402 ft
|
Pitching: RHP Wally Dethridge
|
|
Batting: LHB Danny Wolver
|
0-0: Ball 1-0: Ball 2-0: Ball 3-0: Base on Balls
|
Batting: LHB Josh Corkery
|
0-0: Called Strike 0-1: Fly out, F4 (Line Drive, 4, EV 72.5 MPH)
|
Top of the 4th over - 1 run, 1 hit, 0 errors, 1 left on base; Lancaster 6 - Richmond 3 |
BOTTOM OF THE 4TH |
Richmond Flying Squirrels batting - Pitching for Lancaster JetHawks : LHP Manny Muniz
|
Batting: LHB Adrian Navarro
|
0-0: Ball 1-0: Called Strike 1-1: Ball 2-1: Fly out, F6 (Popup, 6M, EV 62.5 MPH)
|
Batting: RHB Noe Oliva
|
0-0: Swinging Strike 0-1: Called Strike 0-2: Ball 1-2: Ball 2-2: Ground out 6-3 (Groundball, P, EV 90.0 MPH)
|
Batting: RHB Armando Ramirez
|
0-0: Ball 1-0: Called Strike 1-1: Fly out, F4 (Popup, 4S, EV 83.8 MPH)
|
Bottom of the 4th over - 0 runs, 0 hits, 0 errors, 0 left on base; Lancaster 6 - Richmond 3 |
TOP OF THE 5TH |
Lancaster JetHawks batting - Pitching for Richmond Flying Squirrels : RHP Wally Dethridge
|
Batting: RHB Bruce Bermudez
|
0-0: Ball 1-0: Ball 2-0: Ball 3-0: Called Strike 3-1: Fly out, F9 (Flyball, 9D, EV 105.6 MPH)
|
Batting: LHB Mark Dearth
|
0-0: Ground out 4-3 (Groundball, 4, EV 87.5 MPH)
|
Batting: RHB Alex Campos
|
0-0: Ball 1-0: Swinging Strike 1-1: SINGLE (Groundball, 6D, EV 100.0 MPH)
|
Batting: RHB Evan Fry
|
0-0: Called Strike 0-1: Ball 1-1: Ball Passed Ball! Alex Campos to second 2-1: Called Strike 2-2: Foul Ball, location: 2F 2-2: Ball Passed Ball! Alex Campos to third 3-2: Ground out U3 (Groundball, 34S, EV 77.5 MPH)
|
Top of the 5th over - 0 runs, 1 hit, 0 errors, 1 left on base; Lancaster 6 - Richmond 3 |
BOTTOM OF THE 5TH |
Richmond Flying Squirrels batting - Pitching for Lancaster JetHawks : LHP Manny Muniz
|
Batting: RHB Vinny Torres
|
0-0: Ball 1-0: Called Strike 1-1: Ball 2-1: Ball 3-1: Called Strike 3-2: Base on Balls
|
Batting: RHB Tony Harper
|
0-0: Ball 1-0: Ball 2-0: Ball 3-0: Base on Balls Vinny Torres to second
|
Batting: RHB Jaime Rios
|
0-0: Ball 1-0: Swinging Strike 1-1: Ball 2-1: Ball 3-1: Swinging Strike 3-2: Base on Balls Vinny Torres to third Tony Harper to second
|
Batting: LHB Oscar Tamayo
|
0-0: Ball 1-0: Fly out, F9 (Flyball, 9D, EV 99.4 MPH) Runner from 3rd tags up, SCORES, throw by RF Tony Harper to third
|
Batting: RHB Tsugio Yamaguchi
|
0-0: Called Strike 0-1: Ball Jaime Rios steals 2nd, throwing error, E2 Tony Harper scores Jaime Rios to third 1-1: Fly out, F7 (Flyball, 7S, EV 88.1 MPH)
|
Pitching: LHP Mike Cobb
|
|
Batting: RHB Harry Dickson
|
0-0: Ball 1-0: Called Strike 1-1: Ball 2-1: Foul Ball, location: 2F 2-2: Hit by Pitch
|
Batting: LHB Adrian Navarro
|
0-0: Ball 1-0: Ball 2-0: Ball 3-0: Base on Balls Harry Dickson to second
|
Pinch Hitting: RHB Malik Sharpless
|
0-0: Ball 1-0: Foul Ball, location: 2F 1-1: Ball 2-1: DOUBLE (Line Drive, 78D, EV 108.8 MPH) Jaime Rios scores Harry Dickson scores Adrian Navarro to third
|
Batting: RHB Armando Ramirez
|
0-0: Ball 1-0: Foul Ball, location: 2F 1-1: Called Strike 1-2: Foul Ball, location: 2F 1-2: Foul Ball, location: 2F 1-2: Strikes out swinging
|
Bottom of the 5th over - 4 runs, 1 hit, 1 error, 2 left on base; Lancaster 6 - Richmond 7 |
TOP OF THE 6TH |
Lancaster JetHawks batting - Pitching for Richmond Flying Squirrels : RHP Wally Dethridge
|
Now at 1B: Kuan Hsia
|
|
Batting: LHB Daigo Ishii
|
0-0: Ball 1-0: Called Strike 1-1: Swinging Strike 1-2: Strikes out swinging
|
Batting: LHB Vecdi Hodensack
|
0-0: Ball 1-0: Foul Ball, location: 2F 1-1: Fly out, F8 (Flyball, 78M, EV 92.5 MPH)
|
Pitching: RHP Chance Robinson
|
|
Batting: LHB Bob Govella
|
0-0: SOLO HOME RUN (Flyball, 7D, EV 97.5 MPH), Distance : 376 ft
|
Batting: LHB Danny Wolver
|
0-0: Called Strike 0-1: Called Strike 0-2: Ball 1-2: SINGLE (Groundball, 56S, EV 74.4 MPH) (infield hit)
|
Batting: LHB Josh Corkery
|
0-0: Ball 1-0: Foul Ball, location: 2F 1-1: Ball 2-1: Ball 3-1: Foul Ball, location: 2F 3-2: Foul Ball, location: 2F 3-2: Ground out 1-3 (Groundball, 34S, EV 65.0 MPH)
|
Top of the 6th over - 1 run, 2 hits, 0 errors, 1 left on base; Lancaster 7 - Richmond 7 |
BOTTOM OF THE 6TH |
Richmond Flying Squirrels batting - Pitching for Lancaster JetHawks : LHP Mike Cobb
|
Batting: RHB Vinny Torres
|
0-0: Ball 1-0: Called Strike 1-1: Swinging Strike 1-2: Foul Ball, location: 2F 1-2: Strikes out swinging
|
Batting: RHB Tony Harper
|
0-0: Foul Ball, location: 2F 0-1: Ball 1-1: Ground out 5-3 (Groundball, 56S, EV 68.8 MPH)
|
Batting: RHB Jaime Rios
|
0-0: Called Strike 0-1: Called Strike 0-2: Strikes out swinging
|
Bottom of the 6th over - 0 runs, 0 hits, 0 errors, 0 left on base; Lancaster 7 - Richmond 7 |
TOP OF THE 7TH |
Lancaster JetHawks batting - Pitching for Richmond Flying Squirrels : RHP Chance Robinson
|
Batting: RHB Bruce Bermudez
|
0-0: Foul Ball, location: 2F 0-1: SINGLE (Groundball, 56D, EV 98.8 MPH)
|
Batting: LHB Mark Dearth
|
0-0: Swinging Strike 0-1: Called Strike 0-2: Ball 1-2: Ball 2-2: Strikes out swinging
|
Batting: RHB Alex Campos
|
0-0: Ball 1-0: SINGLE (Groundball, P, EV 87.5 MPH) (infield hit) Bruce Bermudez to second
|
Pinch Hitting: LHB Bob Dietz
|
|
Pitching: LHP Hector Jimenez
|
0-0: Called Strike Alex Campos steals 2nd base Bruce Bermudez steals 3rd base 0-1: Ball 1-1: Ball 2-1: Ground out 1-3 (Groundball, 13S, EV 63.1 MPH)
|
Batting: RHB Erik Smith
|
0-0: Called Strike 0-1: Ball 1-1: Swinging Strike 1-2: Ball 2-2: Foul Ball, location: 2F 2-2: Ball 3-2: Foul Ball, location: 2F 3-2: Base on Balls
|
Pinch Hitting: RHB Andrew Pride
|
0-0: GRAND SLAM HOME RUN (Flyball, 7LD, EV 92.5 MPH), Distance : 336 ft
|
Batting: LHB Bob Govella
|
0-0: Swinging Strike 0-1: Called Strike 0-2: Ball 1-2: Ball 2-2: Strikes out swinging
|
Top of the 7th over - 4 runs, 3 hits, 0 errors, 0 left on base; Lancaster 11 - Richmond 7 |
BOTTOM OF THE 7TH |
Richmond Flying Squirrels batting - Pitching for Lancaster JetHawks : LHP Mike Cobb
|
Now at 1B: Andrew Pride
|
|
Now at 3B: Edgar Trejo
|
|
Now at SS: Josh Corkery
|
|
Now in CF: Bruce Bermudez
|
|
Batting: LHB Oscar Tamayo
|
0-0: Ball 1-0: Ball 2-0: Fly out, F8 (Flyball, 8RS, EV 96.9 MPH)
|
Batting: RHB Tsugio Yamaguchi
|
0-0: Ball 1-0: Ground out 2-3 (Groundball, 13S, EV 63.8 MPH)
|
Batting: RHB Harry Dickson
|
0-0: Ball 1-0: Called Strike 1-1: Called Strike 1-2: Foul Ball, location: 2F 1-2: Strikes out swinging
|
Bottom of the 7th over - 0 runs, 0 hits, 0 errors, 0 left on base; Lancaster 11 - Richmond 7 |
TOP OF THE 8TH |
Lancaster JetHawks batting - Pitching for Richmond Flying Squirrels : LHP Hector Jimenez
|
Batting: LHB Danny Wolver
|
0-0: Ball 1-0: Ground out 4-3 (Groundball, 4, EV 81.9 MPH)
|
Batting: LHB Josh Corkery
|
0-0: Ball 1-0: Called Strike 1-1: Called Strike 1-2: Strikes out swinging
|
Pitching: LHP Justin Tidwell
|
|
Batting: RHB Bruce Bermudez
|
0-0: Called Strike 0-1: SOLO HOME RUN (Flyball, 9D, EV 96.9 MPH), Distance : 371 ft
|
Batting: LHB Mark Dearth
|
0-0: Ball 1-0: Foul Ball, location: 2F 1-1: Foul Ball, location: 2F 1-2: Ball 2-2: Ball 3-2: SINGLE (Flyball, 34D, EV 93.8 MPH)
|
Batting: RHB Alex Campos
|
0-0: Called Strike 0-1: Foul Ball, location: 2F 0-2: SINGLE (Line Drive, 3L, EV 109.4 MPH) Mark Dearth to second
|
Batting: RHB Edgar Trejo
|
0-0: Ball 1-0: Called Strike 1-1: Foul Ball, location: 2F 1-2: Ball 2-2: Ground out 4-3 (Groundball, 34, EV 81.2 MPH)
|
Top of the 8th over - 1 run, 3 hits, 0 errors, 2 left on base; Lancaster 12 - Richmond 7 |
BOTTOM OF THE 8TH |
Richmond Flying Squirrels batting - Pitching for Lancaster JetHawks : LHP Mike Cobb
|
Batting: LHB Adrian Navarro
|
0-0: Ball 1-0: Ground out 4-3 (Groundball, 4, EV 96.2 MPH)
|
Batting: LHB Kuan Hsia
|
0-0: SINGLE (Line Drive, 4MD, EV 95.6 MPH)
|
Batting: RHB Armando Ramirez
|
0-0: Ball 1-0: SINGLE (Groundball, 56S, EV 71.2 MPH) (infield hit) Kuan Hsia to second
|
Batting: RHB Vinny Torres
|
0-0: Called Strike 0-1: Ball 1-1: Called Strike 1-2: Strikes out looking
|
Batting: RHB Tony Harper
|
0-0: Swinging Strike 0-1: Swinging Strike 0-2: Ball 1-2: Strikes out swinging
|
Bottom of the 8th over - 0 runs, 2 hits, 0 errors, 2 left on base; Lancaster 12 - Richmond 7 |
TOP OF THE 9TH |
Lancaster JetHawks batting - Pitching for Richmond Flying Squirrels : LHP Justin Tidwell
|
Batting: RHB Erik Smith
|
0-0: Ball 1-0: Foul Ball, location: 2F 1-1: Ball 2-1: Swinging Strike 2-2: Foul Ball, location: 2F 2-2: Ball 3-2: Foul Ball, location: 2F 3-2: Base on Balls
|
Batting: RHB Andrew Pride
|
0-0: Ball 1-0: SINGLE (Groundball, 56D, EV 102.5 MPH) Erik Smith to second
|
Batting: LHB Bob Govella
|
0-0: Swinging Strike 0-1: Swinging Strike 0-2: Ball 1-2: Ball Passed Ball! Erik Smith to third Andrew Pride to second 2-2: Foul Ball, location: 2F 2-2: Strikes out swinging
|
Pitching: LHP Christian Rogers
|
|
Batting: LHB Danny Wolver
|
0-0: Ball 1-0: Foul Ball, location: 2F 1-1: Called Strike 1-2: Ground out 6-3 (Groundball, 6D, EV 96.2 MPH) Erik Smith scores
|
Batting: LHB Josh Corkery
|
0-0: Ball Passed Ball! Andrew Pride to third 1-0: Called Strike 1-1: Swinging Strike 1-2: Ball 2-2: Ball Wild Pitch! Andrew Pride scores 3-2: Strikes out looking
|
Top of the 9th over - 2 runs, 1 hit, 0 errors, 0 left on base; Lancaster 14 - Richmond 7 |
BOTTOM OF THE 9TH |
Richmond Flying Squirrels batting - Pitching for Lancaster JetHawks : LHP Mike Cobb
|
Pinch Hitting: RHB Glen Limeburner
|
0-0: Ball 1-0: Foul Ball, location: 2F 1-1: Foul Ball, location: 2F 1-2: Ball 2-2: Foul Ball, location: 2F 2-2: Foul Ball, location: 2F 2-2: Strikes out swinging
|
Pinch Hitting: SHB Michael Woodard
|
0-0: Called Strike 0-1: Called Strike 0-2: Strikes out swinging
|
Batting: RHB Tsugio Yamaguchi
|
0-0: Called Strike 0-1: Fly out, F9 (Line Drive, 9S, EV 105.0 MPH)
|
Bottom of the 9th over - 0 runs, 0 hits, 0 errors, 0 left on base; Lancaster 14 - Richmond 7 |
|